SL
GREENVILLE 84S @ ROCKY MOUNTAIN NUGGETS
07/30/2029
 
TOP OF THE 1ST
Greenville 84s batting - Pitching for Rocky Mountain Nuggets : LHP Rafael Rivera
Pitching: LHP Rafael Rivera
Batting: RHB Pablo Marrero 0-0: Called Strike
0-1: Ball
1-1: Ball
2-1: Foul Ball, location: 2F
2-2: Ground out 5-3 (Groundball, 5L)
Batting: SHB Jorge Barrios 0-0: Called Strike
0-1: SINGLE (Line Drive, 4MD)
Batting: RHB Jonathan Cook 0-0: Ball
1-0: Fly out, F9 (Flyball, 9)
Batting: LHB Christian Blair 0-0: Called Strike
0-1: Foul Ball, location: 2F
0-2: Ball
Jorge Barrios is caught stealing 2nd base
Top of the 1st over - 0 runs, 1 hit, 0 errors, 0 left on base; Greenville 0 - Rocky Mountain 0
BOTTOM OF THE 1ST
Rocky Mountain Nuggets batting - Pitching for Greenville 84s : LHP Hermenegildo Beliago
Pitching: LHP Hermenegildo Beliago
Batting: RHB Luis Ríos 0-0: Ground out 3-1 (Groundball, 3S)
Batting: LHB Roberto Salazar 0-0: Ground out 5-3 (Groundball, 56)
Batting: RHB Andrés Rodríguez 0-0: Foul Ball, location: 2F
0-1: SINGLE (Line Drive, 89S)
Batting: LHB Javier Sánchez 0-0: Foul Ball, location: 2F
0-1: Called Strike
0-2: DOUBLE (Groundball, 3L)
Andrés Rodríguez to third
Runner from 3rd tries for Home, SAFE, no throw
Batting: RHB Ludwig Kluge 0-0: Ball
1-0: Ground out 6-3 (Groundball, 6)
Bottom of the 1st over - 1 run, 2 hits, 0 errors, 1 left on base; Greenville 0 - Rocky Mountain 1
TOP OF THE 2ND
Greenville 84s batting - Pitching for Rocky Mountain Nuggets : LHP Rafael Rivera
Batting: LHB Christian Blair 0-0: Ground out 4-3 (Groundball, 4M)
Batting: LHB Herman Hayes 0-0: Called Strike
0-1: Ball
1-1: Fly out, F7 (Flyball, 78M)
Now in LF: Wes Shannon
Batting: RHB Juan García 0-0: Swinging Strike
0-1: Ground out 5-3 (Groundball, 56)
Top of the 2nd over - 0 runs, 0 hits, 0 errors, 0 left on base; Greenville 0 - Rocky Mountain 1
BOTTOM OF THE 2ND
Rocky Mountain Nuggets batting - Pitching for Greenville 84s : LHP Hermenegildo Beliago
Batting: RHB Travis Newsome 0-0: Fly out, F7 (Flyball, 7D)
Batting: RHB Gary Chalmers 0-0: Ball
1-0: SINGLE (Groundball, 6) (infield hit)
Batting: RHB Wes Shannon 0-0: Foul Ball, location: 2F
0-1: Called Strike
0-2: Ball
1-2: Ball
2-2: Ball
3-2: Foul Ball, location: 2F
3-2: Strikes out swinging
Batting: RHB Anthony Johnston 0-0: Ground out U3 (Groundball, 3)
Bottom of the 2nd over - 0 runs, 1 hit, 0 errors, 1 left on base; Greenville 0 - Rocky Mountain 1
TOP OF THE 3RD
Greenville 84s batting - Pitching for Rocky Mountain Nuggets : LHP Rafael Rivera
Batting: RHB Rodrigo Lugo 0-0: Swinging Strike
0-1: Called Strike
0-2: Strikes out swinging
Batting: RHB Ramón Valdéz 0-0: Called Strike
0-1: DOUBLE (Flyball, 78D)
Batting: RHB Thom Beach 0-0: Ball
1-0: Ground out U3 (Groundball, 34S)
Ramón Valdéz to third
Batting: RHB Pablo Marrero 0-0: Ball
1-0: Foul Ball, location: 2F
1-1: Ball
2-1: Ball
3-1: Base on Balls
Batting: SHB Jorge Barrios 0-0: Ball
1-0: Ball
2-0: Ball
3-0: Called Strike
3-1: Base on Balls
Pablo Marrero to second
Batting: RHB Jonathan Cook 0-0: Called Strike
0-1: Ball
1-1: SINGLE (Line Drive, 6D)
Ramón Valdéz scores
Pablo Marrero to third
Jorge Barrios to second
Runner from 3rd tries for Home, SAFE, no throw
Batting: LHB Christian Blair 0-0: Called Strike
0-1: SINGLE (Line Drive, 78S)
Jorge Barrios to third
Jonathan Cook to second
Runner from 3rd tries for Home, SAFE, no throw
Batting: LHB Herman Hayes 0-0: Ball
1-0: Ball
2-0: Ball
3-0: Called Strike
3-1: SINGLE (Flyball, 8RS)
Jonathan Cook to third
Christian Blair to second
Batting: RHB Juan García 0-0: Ball
1-0: Called Strike
1-1: Ball
2-1: Foul Ball, location: 2F
2-2: Foul Ball, location: 2F
2-2: Hit by Pitch
Jonathan Cook scores
Christian Blair to third
Herman Hayes to second
Batting: RHB Rodrigo Lugo 0-0: Foul Ball, location: 2F
0-1: Swinging Strike
0-2: Ground out 5-3 (Groundball, 5S)
Top of the 3rd over - 4 runs, 4 hits, 0 errors, 3 left on base; Greenville 4 - Rocky Mountain 1
BOTTOM OF THE 3RD
Rocky Mountain Nuggets batting - Pitching for Greenville 84s : LHP Hermenegildo Beliago
Batting: RHB Luis Ríos 0-0: Fly out, F9 (Line Drive, 9)
Batting: LHB Roberto Salazar 0-0: Foul Ball, location: 2F
0-1: Foul Ball, location: 2F
0-2: Ball
1-2: Ball
2-2: SINGLE (Groundball, 6D)
Batting: RHB Andrés Rodríguez 0-0: Ball
1-0: Ball
2-0: Foul Ball, location: 2F
2-1: Ball
3-1: Base on Balls
Roberto Salazar to second
Batting: LHB Javier Sánchez 0-0: Ball
1-0: Ball
2-0: Swinging Strike
2-1: SINGLE (Flyball, 7LS)
Roberto Salazar to third
Andrés Rodríguez to second
Batting: RHB Ludwig Kluge 0-0: Called Strike
0-1: DOUBLE (Line Drive, 8LD)
Roberto Salazar scores
Andrés Rodríguez scores
Javier Sánchez to third
Runner from 3rd tries for Home, SAFE, no throw
Batting: RHB Travis Newsome 0-0: Ball
1-0: Foul Ball, location: 2F
1-1: Ball
2-1: Foul Ball, location: 2F
2-2: Ball
3-2: Fly out, F5 (Line Drive, 5L)
Batting: RHB Gary Chalmers 0-0: Ball
1-0: Ball
2-0: SINGLE (Line Drive, 8RS)
Ludwig Kluge to third
Runner from 3rd tries for Home, SAFE, no throw
Batting: RHB Wes Shannon 0-0: Ball
Passed Ball!
Gary Chalmers to second
1-0: Fly out, F8 (Flyball, 8RD)
Bottom of the 3rd over - 4 runs, 4 hits, 0 errors, 1 left on base; Greenville 4 - Rocky Mountain 5
TOP OF THE 4TH
Greenville 84s batting - Pitching for Rocky Mountain Nuggets : LHP Rafael Rivera
Batting: RHB Ramón Valdéz 0-0: Ball
1-0: Foul Ball, location: 2F
1-1: Foul Ball, location: 2F
1-2: Strikes out swinging
Batting: RHB Thom Beach 0-0: Called Strike
0-1: Ground out 6-3 (Groundball, 6)
Batting: RHB Pablo Marrero 0-0: Foul Ball, location: 2F
0-1: Ball
1-1: Ball
2-1: Ball
3-1: Foul Ball, location: 2F
3-2: SINGLE (Groundball, 56D)
Batting: SHB Jorge Barrios 0-0: Ball
1-0: DOUBLE (Line Drive, 7LD)
Pablo Marrero to third
Runner from 3rd tries for Home, SAFE, no throw
Batting: RHB Jonathan Cook 0-0: Ball
Passed Ball!
Jorge Barrios to third
1-0: SINGLE (Groundball, 34D)
Jorge Barrios scores
Batting: LHB Christian Blair 0-0: Called Strike
0-1: Swinging Strike
0-2: Strikes out swinging
Top of the 4th over - 2 runs, 3 hits, 0 errors, 1 left on base; Greenville 6 - Rocky Mountain 5
BOTTOM OF THE 4TH
Rocky Mountain Nuggets batting - Pitching for Greenville 84s : LHP Hermenegildo Beliago
Batting: RHB Anthony Johnston 0-0: Foul Ball, location: 2F
0-1: Ball
1-1: Swinging Strike
1-2: Ground out 6-3 (Groundball, 6)
Batting: RHB Luis Ríos 0-0: Ball
1-0: Ground out 3-1 (Groundball, 34)
Batting: LHB Roberto Salazar 0-0: Ground out 4-3 (Groundball, 4)
Bottom of the 4th over - 0 runs, 0 hits, 0 errors, 0 left on base; Greenville 6 - Rocky Mountain 5
TOP OF THE 5TH
Greenville 84s batting - Pitching for Rocky Mountain Nuggets : LHP Rafael Rivera
Batting: LHB Herman Hayes 0-0: Ball
1-0: Fly out, F9 (Flyball, 9)
Batting: RHB Juan García 0-0: Foul Ball, location: 2F
0-1: Ball
1-1: Ground out 1-3 (Groundball, 13S)
Batting: RHB Rodrigo Lugo 0-0: Ball
1-0: Called Strike
1-1: Fly out, F8 (Flyball, 8RXD)
Top of the 5th over - 0 runs, 0 hits, 0 errors, 0 left on base; Greenville 6 - Rocky Mountain 5
BOTTOM OF THE 5TH
Rocky Mountain Nuggets batting - Pitching for Greenville 84s : LHP Hermenegildo Beliago
Batting: RHB Andrés Rodríguez 0-0: SINGLE (Groundball, 56D)
Batting: LHB Javier Sánchez 0-0: Ball
Andrés Rodríguez steals 2nd base
1-0: Called Strike
1-1: Ground out U3 (Groundball, 2R)
Andrés Rodríguez to third
Batting: RHB Ludwig Kluge 0-0: Called Strike
0-1: Ball
1-1: Ball
2-1: Ground out 4-3 (Groundball, 4)
Andrés Rodríguez scores
Batting: RHB Travis Newsome 0-0: Ball
1-0: Foul Ball, location: 2F
1-1: Ball
2-1: Ball
3-1: Fly out, F7 (Flyball, 78M)
Bottom of the 5th over - 1 run, 1 hit, 0 errors, 0 left on base; Greenville 6 - Rocky Mountain 6
TOP OF THE 6TH
Greenville 84s batting - Pitching for Rocky Mountain Nuggets : LHP Rafael Rivera
Pitching: RHP Elton Mobley
Batting: RHB Ramón Valdéz 0-0: Foul Ball, location: 2F
0-1: Swinging Strike
0-2: Strikes out swinging
Batting: RHB Thom Beach 0-0: Ground out 5-3 (Groundball, 56S)
Batting: RHB Pablo Marrero 0-0: Ball
1-0: Ball
2-0: Called Strike
2-1: Ball
3-1: Fly out, F7 (Flyball, 78S)
Top of the 6th over - 0 runs, 0 hits, 0 errors, 0 left on base; Greenville 6 - Rocky Mountain 6
BOTTOM OF THE 6TH
Rocky Mountain Nuggets batting - Pitching for Greenville 84s : LHP Hermenegildo Beliago
Pitching: RHP Mario Ruíz
Batting: RHB Gary Chalmers 0-0: Ball
1-0: Foul Ball, location: 2F
1-1: Fly out, F4 (Line Drive, 4M)
Batting: RHB Wes Shannon 0-0: Called Strike
0-1: Swinging Strike
0-2: Ball
1-2: Foul Ball, location: 2F
1-2: Ball
2-2: Strikes out looking
Batting: RHB Anthony Johnston 0-0: Ground out 6-3 (Groundball, 6)
Bottom of the 6th over - 0 runs, 0 hits, 0 errors, 0 left on base; Greenville 6 - Rocky Mountain 6
TOP OF THE 7TH
Greenville 84s batting - Pitching for Rocky Mountain Nuggets : RHP Elton Mobley
Batting: SHB Jorge Barrios 0-0: Called Strike
0-1: TRIPLE (Line Drive, 8RXD)
Batting: RHB Jonathan Cook 0-0: Ball
1-0: Foul Ball, location: 2F
1-1: Foul Ball, location: 2F
1-2: Foul Ball, location: 2F
1-2: Fly out, F8 (Flyball, 8RM)
Runner from 3rd tags up, OUT at HOME
Batting: LHB Christian Blair 0-0: Foul Ball, location: 2F
0-1: Ball
1-1: Foul Ball, location: 2F
1-2: Foul Ball, location: 2F
1-2: Foul Ball, location: 2F
1-2: Ball
2-2: Ground out U3 (Groundball, 3D)
Top of the 7th over - 0 runs, 1 hit, 0 errors, 0 left on base; Greenville 6 - Rocky Mountain 6
BOTTOM OF THE 7TH
Rocky Mountain Nuggets batting - Pitching for Greenville 84s : RHP Mario Ruíz
Batting: RHB Luis Ríos 0-0: Foul Ball, location: 2F
0-1: Ball
1-1: Foul Ball, location: 2F
1-2: Ball
2-2: Foul Ball, location: 2F
2-2: Strikes out looking
Batting: LHB Roberto Salazar 0-0: SINGLE (Line Drive, 4M)
Batting: RHB Andrés Rodríguez 0-0: Ball
1-0: Fielders Choice at 2nd, 5-4 (Groundball, 56)
Batting: LHB Javier Sánchez 0-0: Ball
1-0: Foul Ball, location: 2F
1-1: Foul Ball, location: 2F
1-2: Ball
2-2: Fly out, F7 (Flyball, 7LM)
Bottom of the 7th over - 0 runs, 1 hit, 0 errors, 1 left on base; Greenville 6 - Rocky Mountain 6
TOP OF THE 8TH
Greenville 84s batting - Pitching for Rocky Mountain Nuggets : RHP Elton Mobley
Batting: LHB Herman Hayes 0-0: Swinging Strike
0-1: Called Strike
0-2: Strikes out swinging
Batting: RHB Juan García 0-0: Ball
1-0: Foul Ball, location: 2F
1-1: Foul Ball, location: 2F
1-2: Ball
2-2: Ball
3-2: Foul Ball, location: 2F
3-2: Strikes out swinging
Batting: RHB Rodrigo Lugo 0-0: Ground out 5-3 (Groundball, 5L)
Top of the 8th over - 0 runs, 0 hits, 0 errors, 0 left on base; Greenville 6 - Rocky Mountain 6
BOTTOM OF THE 8TH
Rocky Mountain Nuggets batting - Pitching for Greenville 84s : RHP Mario Ruíz
Batting: RHB Ludwig Kluge 0-0: Swinging Strike
0-1: Ground out 3-1 (Groundball, 34)
Batting: RHB Travis Newsome 0-0: Ball
1-0: Foul Ball, location: 2F
1-1: Foul Ball, location: 2F
1-2: Ball
2-2: Foul Ball, location: 2F
2-2: Foul Ball, location: 2F
2-2: Ball
3-2: Foul Ball, location: 2F
3-2: TRIPLE (Flyball, 9LD)
Batting: RHB Gary Chalmers 0-0: Called Strike
0-1: Ball
1-1: Called Strike
1-2: Ball
2-2: Ball
3-2: Strikes out swinging
Batting: RHB Wes Shannon 0-0: Ball
1-0: Called Strike
1-1: Fly out, F3 (Popup, 3F)
Bottom of the 8th over - 0 runs, 1 hit, 0 errors, 1 left on base; Greenville 6 - Rocky Mountain 6
TOP OF THE 9TH
Greenville 84s batting - Pitching for Rocky Mountain Nuggets : RHP Elton Mobley
Pitching: RHP Jorge Garza
Batting: RHB Ramón Valdéz 0-0: Foul Ball, location: 2F
0-1: Foul Ball, location: 2F
0-2: Ball
1-2: Strikes out swinging, 2-3 out at first.
Batting: RHB Thom Beach 0-0: Called Strike
0-1: Ball
1-1: Ball
2-1: Foul Ball, location: 2F
2-2: Foul Ball, location: 2F
2-2: Fly out, F4 (Popup, 4MD)
Batting: RHB Pablo Marrero 0-0: Called Strike
0-1: Ball
1-1: Foul Ball, location: 2F
1-2: Ball
2-2: Foul Ball, location: 2F
2-2: Ground out 6-3 (Groundball, 6)
Top of the 9th over - 0 runs, 0 hits, 0 errors, 0 left on base; Greenville 6 - Rocky Mountain 6
BOTTOM OF THE 9TH
Rocky Mountain Nuggets batting - Pitching for Greenville 84s : RHP Mario Ruíz
Batting: RHB Anthony Johnston 0-0: Called Strike
0-1: Swinging Strike
0-2: Ball
1-2: Ball
2-2: Foul Ball, location: 2F
2-2: Fly out, F7 (Flyball, 7S)
Batting: RHB Luis Ríos 0-0: Ball
1-0: Ball
2-0: Ball
3-0: Base on Balls
Batting: LHB Roberto Salazar 0-0: Called Strike
0-1: Called Strike
Luis Ríos steals 2nd base
0-2: Ball
1-2: Ball
2-2: Ball
3-2: Foul Ball, location: 2F
3-2: Ground out 4-3 (Groundball, 4)
Luis Ríos to third
Pitching: RHP Esteban González
Batting: RHB Andrés Rodríguez 0-0: Called Strike
0-1: SINGLE (Groundball, 4S) (infield hit)
Luis Ríos scores
Tuesday, December 19th, 2017 - OOTP Baseball 18.8 Build 76